 Dungeon Crawl Stone Soup version 0.21-a0-278-ga722497 (webtiles) character file.

224 4thArraOfDagon the Chopper (level 6, -3/37 HPs)
             Began as a Tengu Berserker on Sept 21, 2017.
             Was a Believer of Trog.
             Slain by a mummy (10 damage)
             ... in an ossuary.
             The game lasted 00:04:18 (942 turns).

4thArraOfDagon the Chopper (Tengu Berserker)         Turns: 942, Time: 00:04:18

Health: -3/37      AC: 10    Str: 18    XL:     6   Next: 0%
Magic:  7/7        EV:  6    Int:  9    God:    Trog [**....]
Gold:   72         SH:  0    Dex: 13    Spells: 5/5 levels left

rFire    . . .     SeeInvis .   n - +1 hand axe (flame)
rCold    . . .     Gourm    +   (no shield)
rNeg     . . .     Faith    .   e - +0 plate armour
rPois    .         Spirit   .   (helmet restricted)
rElec    .         Reflect  .   (no cloak)
rCorr    .         Harm     .   (no gloves)
MR       ++...                  (boots unavailable)
Stlth    ..........             i - amulet of the gourmand
HPRegen  1.12/turn              (no ring)
MPRegen  0.10/turn              (no ring)

@: regenerating
A: beak, talons 3, able to fly 1
a: Fly, Berserk, Trog's Hand, Burn Spellbooks, Renounce Religion


You were in an ossuary.
You worshipped Trog.
Trog was pleased with you.
You were not hungry.

You visited 1 branch of the dungeon, and saw 5 of its levels.
You also visited: Ossuary.

You collected 72 gold pieces.

Inventory:

Hand Weapons
 a - a +0 hand axe
 n - a +1 hand axe of flaming (weapon)
Armour
 b - a +0 animal skin
 e - a +0 plate armour (worn)
Jewellery
 i - an amulet of the gourmand (around neck)
Scrolls
 h - a scroll of enchant weapon
 j - a scroll of fog
Potions
 f - a potion of lignification {unknown}
 g - a potion of agility {unknown}
 l - a potion of berserk rage {unknown}
 m - a potion of ambrosia {unknown}
Comestibles
 c - 4 bread rations
 d - a royal jelly
 k - a meat ration
 o - 5 chunks of flesh


   Skills:
 - Level 3.0 Fighting
 * Level 7.1 Axes
 - Level 2.1 Armour
 - Level 2.1 Dodging


You had 5 spell levels left.
You didn't know any spells.

Dungeon Overview and Level Annotations

Branches:
Dungeon (5/15)
 Temple: D:4-7

Altars:


Innate Abilities, Weirdness & Mutations

You have a beak for a mouth.
You have claws for feet.
You can fly.


Message History

Your plate armour prevents you from hitting the mummy.
The mummy is moderately damaged.
Your plate armour prevents you from hitting the hound zombie.
You barely miss the mummy.
The hound zombie bites you but does no damage.
The mummy hits you!
A leopard gecko zombie comes into view.
You hit the mummy. You burn the mummy. You peck the mummy.
The mummy is almost destroyed.
You hit the mummy. You burn the mummy. You hit the hound zombie.
You burn the hound zombie. The hound zombie bites you.
Unknown command.
Unknown command.
You hit the mummy but do no damage. You peck the mummy.
The mummy is almost destroyed.
You hit the hound zombie. You burn the hound zombie. You hit the mummy.
You burn the mummy. The hound zombie bites you. The mummy hits you.
* * * LOW HITPOINT WARNING * * *
The mummy hits you!
You die...

≈# ≈#≈≈ ≈.#
≈.# ## .≈+
#≈##
#####≈##≈≈≈#
#..M#Z≈P# ≈#
#.@MZZ≈##≈#
#∩.Z#..P≈≈#
#####≈≈≈##≈#
#.'Z≈P≈#
###≈≈###
#MM. '.###
#.+ #.#


You could see 2 mummies, a leopard gecko zombie, a jackal zombie, a hound zombie
and a bullfrog zombie.

Vanquished Creatures
  A mummy (Ossuary)
  2 orc priests
  An orc wizard (D:5)
  4 adders
  An adder zombie (Ossuary)
  A worm (D:2)
  A dart slug (D:1)
  14 orcs
  3 hobgoblins
  9 jackals
  2 kobolds
  4 ball pythons
  5 bats
  A frilled lizard (D:2)
  2 goblins (D:1)
  A jackal zombie (Ossuary)
  A leopard gecko skeleton (D:4)
  4 rats
57 creatures vanquished.

Notes
Turn   | Place    | Note
-------+----------+-------------------------------------------
     0 | D:1      | 4thArraOfDagon the Tengu Berserker began the quest for the Orb.
     0 | D:1      | Reached XP level 1. HP: 14/14 MP: 2/2
   166 | D:2      | Reached skill level 4 in Axes
   166 | D:2      | Reached XP level 2. HP: 19/19 MP: 3/3
   166 | D:2      | Reached XP level 3. HP: 23/23 MP: 4/4
   505 | D:3      | Reached skill level 5 in Axes
   512 | D:3      | Reached ** piety under Trog
   579 | D:3      | Reached XP level 4. HP: 28/28 MP: 5/5
   689 | D:4      | Reached skill level 6 in Axes
   689 | D:4      | Gained mutation: You can fly. [Tengu growth]
   689 | D:4      | Reached XP level 5. HP: 19/32 MP: 6/6
   788 | D:5      | Entered Level 5 of the Dungeon
   910 | D:5      | Found a sand-covered staircase.
   915 | Ossuary  | Entered an ossuary
   935 | Ossuary  | Reached *** piety under Trog
   935 | Ossuary  | Reached skill level 7 in Axes
   935 | Ossuary  | Reached XP level 6. HP: 32/37 MP: 7/7
   942 | Ossuary  | Slain by a mummy

Vault maps used:
D:1:      kennysheep_arrival_seaside
D:2:      serial_park_tiny_2
D:3:      first_bread, wad_floor_pattern_2
D:4:      minmay_temple_entry_glass
D:5:      enter_ossuary_5, hangedman_abyss_or_decor_passed,
          minmay_misc_feat_secret_circle, water_boxes_lemuel
Ossuary:  ossuary_zaba_flooded

Skill      XL: |  1  2  3  4  5 |
---------------+----------------+-----
Axes           | 4 5 6 7 |  7.1
Fighting       | |  3.0
Armour         | |  2.1
Dodging        | |  2.1

Action                   |  1- 3 |  4- 6 || total
-------------------------+-------+-------++-------
Melee: Hand axe          |    66 |    61 ||   127
       Kick              |    12 |    21 ||    33
       Peck              |     6 |     9 ||    15
Invok: Berserk           |     2 |     1 ||     3
       Trog's Hand       |       |     2 ||     2
  Use: Scroll            |       |     4 ||     4
  Eat: Fruit             |     4 |       ||     4
Armor: Plate armour      |    62 |    41 ||   103
Dodge: Dodged            |    32 |    13 ||    45

Table legend:
 A = Spawn XP
 B = Non-spawn XP
 C = Spawn XP percentage of total XP
 D = Spawn monster count
 E = Non-spawn monster count
 F = Spawn count percentage of total count
 G = Total turns spent on level
                    A         B        C        D         E        F      G
               +---------+---------+-------+---------+---------+-------+---------
         Total |       0 |     320 |   0.0 |       0 |      57 |   0.0 |   942
               +---------+---------+-------+---------+---------+-------+---------
           D:1 |       0 |      18 |   0.0 |       0 |      11 |   0.0 |   340
           D:2 |       0 |      39 |   0.0 |       0 |       9 |   0.0 |   156
           D:3 |       0 |      82 |   0.0 |       0 |      19 |   0.0 |   166
           D:4 |       0 |      74 |   0.0 |       0 |      10 |   0.0 |   126
           D:5 |       0 |      59 |   0.0 |       0 |       5 |   0.0 |   127
       Ossuary |       0 |      48 |   0.0 |       0 |       3 |   0.0 |    27
               +---------+---------+-------+---------+---------+-------+---------
